 Dungeon Crawl Stone Soup version 0.28-a0-224-g76b539d98b (webtiles) character file.

Game seed: 3195111087986658830

242 theanonym the Cudgeller (level 6, -3/40 HPs)
             Began as a Gargoyle Abyssal Knight on Aug 21, 2021.
             Was a Believer of Lugonu.
             Slain by a gnoll shaman (7 damage)
             ... on level 3 of the Dungeon.
             The game lasted 00:03:03 (3949 turns).

theanonym the Cudgeller (Gargoyle Abyssal Knight)   Turns: 3949, Time: 00:03:03

Health: -3/40      AC: 19    Str: 18    XL:     6   Next: 9%
Magic:  7/7        EV:  4    Int: 12    God:    Lugonu [**....]
Gold:   99         SH:  3    Dex:  9    Spells: 5/5 levels left

rFire   . . .      SeeInvis .   a - +0 flail
rCold   . . .      Faith    .   q - +0 buckler
rNeg    + . .      Spirit   .   g - +0 plate armour
rPois   ∞          Reflect  .   (no helmet)
rElec   +          Harm     .   (no cloak)
rCorr   .          Rampage  .   f - +0 pair of gloves
Will    .....                   i - +2 pair of boots
Stlth   ..........              (no amulet)
HPRegen 0.13/turn               (no ring)
MPRegen 0.10/turn               (no ring)

@: mighty
A: sickness immunity, AC +4, negative energy resistance 1, electricity
resistance, torment resistance 1, petrification resistance
a: Renounce Religion, Depart the Abyss, Bend Space


Innate Abilities, Weirdness & Mutations

You are immune to sickness and miasma.
Your stone body is resilient. (AC +4)
You are immune to poison.
You resist negative energy. (rN+)
You are resistant to electric shocks. (rElec)
You are resistant to unholy torment.
You are immune to petrification.


   Skills:
 + Level 4.8 Fighting
 * Level 5.2 Maces & Flails
 - Level 2.1 Armour
 - Level 0.7 Dodging
 + Level 0.2 Shields
 - Level 2.0 Invocations


You had 5 spell levels left.
You didn't know any spells.
Your spell library contained the following spells:

 Spells                   Type           Power      Damage    Failure   Level
 Frozen Ramparts          Ice            0%         1d2       100%        3
 Animate Armour           Summ/Erth      0%         N/A       100%        4
 Ice Form                 Ice/Tmut       0%         N/A       100%        4
 Summon Ice Beast         Ice/Summ       0%         N/A       100%        4
 Blade Hands              Tmut           0%         N/A       100%        5
 Iron Shot                Conj/Erth      0%         9d1       100%        6

Skill      XL: |  1  2  3  4  5 |
---------------+----------------+-----
Maces & Flails | 3 4 5 |  5.2
Fighting       | 4 |  4.8
Armour         | |  2.1
Dodging        | |  0.7
Shields        | |  0.2
Invocations    | |  2.0

Action                   |  1- 3 |  4- 6 || total
-------------------------+-------+-------++-------
Melee: Mace              |    58 |   178 ||   236
       Flail             |       |    30 ||    30
  Use: Potion            |     1 |     1 ||     2
Armor: Leather armour    |    14 |       ||    14
       Chain mail        |    34 |    40 ||    74
       Plate armour      |       |   165 ||   165
Dodge: Dodged            |    31 |    74 ||   105
Block: Buckler           |       |     5 ||     5

Inventory:

Hand Weapons
 a - a +0 flail (weapon)
Armour
 f - a +0 pair of gloves (worn)
 g - a +0 plate armour (worn)
 i - a +2 pair of boots (worn)
 q - a +0 buckler (worn)
Jewellery
 k - a ring of see invisible
 p - a ring of fire
Wands
 b - a wand of mindburst (11)
Scrolls
 d - a scroll of noise {unknown}
 h - a scroll of blinking {unknown}
 l - a scroll of torment {unknown}
 o - 2 scrolls of teleportation {unknown}
Potions
 c - a potion of haste {unknown}
 e - 2 potions of flight {unknown}
 j - a potion of cancellation {unknown}


You were on level 3 of the Dungeon.
You worshipped Lugonu.
Lugonu was pleased with you.
You visited 1 branch of the dungeon, and saw 4 of its levels.
You visited the Abyss 1 time.

You collected 99 gold pieces.

Dungeon Overview and Level Annotations

Branches:
Dungeon (4/15)
 Temple: D:4-7

Altars:
Sif Muna

Shops:
D:2

? ##.###.# #........# ##.......#
##...#.# #.###.##.# #.#######
####.#.# #.# #.##.# #.# ####.#.#
#.# #.##.# ##'## .......# #.#
#....# ##...## ####.###
#.#####..###.....## # .###.#
#.#...............## #
..##.######.#...#..#.........####
................@..'.........'...
..##.########...#g##.........####
.###.# #......###.......## #
.###.# #..##### #......## .....#
#..#######.#...## .....#
#).........##'## ....##
#.###########.# .#### #####.#####
#.# .# #.........#######.##


You could see a gnoll shaman.

Notes
Turn   | Place    | Note
-------+----------+-------------------------------------------
     0 | Abyss:1  | theanonym the Gargoyle Abyssal Knight began the quest for
                  | the Orb.
     0 | Abyss:1  | Reached XP level 1. HP: 14/14 MP: 2/2
    53 | Abyss:1  | Found a corrupted altar of Lugonu.
    70 | D:1      | Escaped the Abyss
   263 | D:1      | Reached XP level 2. HP: 19/19 MP: 3/3
   851 | D:2      | Found a shimmering blue altar of Sif Muna.
   869 | D:2      | Reached skill level 3 in Maces & Flails
   869 | D:2      | Reached XP level 3. HP: 23/23 MP: 4/4
   870 | D:2      | Found Jerch's Magic Scroll Boutique.
   923 | D:2      | Noticed a phantom
   938 | D:2      | HP: 9/23 [phantom (4)]
   945 | D:2      | Killed a phantom
   945 | D:2      | Reached ** piety under Lugonu
   946 | D:2      | Reached skill level 4 in Fighting
   946 | D:2      | Reached skill level 4 in Maces & Flails
   946 | D:2      | Reached XP level 4. HP: 13/29 MP: 5/5
  1137 | D:2      | Found a faded altar of an unknown god.
  1360 | D:2      | Reached XP level 5. HP: 22/34 MP: 6/6
  1957 | D:2      | HP: 17/34 [gnoll (4)]
  1965 | D:2      | HP: 11/34 [gnoll (4)]
  2446 | D:2      | Found a faded altar of an unknown god.
  2466 | D:2      | Found a shimmering blue altar of Sif Muna.
  2475 | D:2      | Found Jerch's Magic Scroll Boutique.
  2796 | D:3      | Reached skill level 5 in Maces & Flails
  3089 | D:3      | Reached XP level 6. HP: 39/40 MP: 7/7
  3938 | D:3      | HP: 20/40 [gnoll shaman (4)]
  3943 | D:3      | HP: 14/40 [gnoll shaman (5)]
  3945 | D:3      | HP: 6/40 [gnoll shaman (3)]
  3949 | D:3      | Slain by a gnoll shaman

Vanquished Creatures
  A phantom (D:2)
  5 gnolls
  6 adders
  A worm (D:2)
  4 orcs (D:2)
  5 ball pythons
  5 endoplasms
  A giant cockroach (D:2)
  3 goblins
  2 hobgoblins (D:1)
  7 jackals
  2 quokkas
  7 bats
  2 frilled lizards
  4 kobolds
  A rat (D:1)
56 creatures vanquished.

Table legend: (Time is in decaauts)
 A = Elapsed time spent in this place.
 B = Non-inter-level travel time spent in this place.
 C = Inter-level travel time spent in this place.
 D = Time resting spent in this place.
 E = Time spent auto-exploring this place.
 F = Levels seen in this place.
 G = Mean time per level.
                   A        B        C        D        E       F      G
               +--------+--------+--------+--------+--------+-----+--------+
         Total |   4003 |   3837 |    166 |    545 |   2754 |   5 |  800.6 |
       Dungeon |   3933 |   3767 |    166 |    545 |   2690 |   4 |  983.2 |
         Abyss |     70 |     70 |      0 |      0 |     64 |   1 |   70.0 |
               +--------+--------+--------+--------+--------+-----+--------+

Top non-repeatable levels by time:
     D:2: 1932 daAuts
     D:3: 1170 daAuts
     D:1: 786 daAuts
 Abyss:1: 70 daAuts
     D:4: 43 daAuts
